 Dungeon Crawl Stone Soup version 0.29-a0-1061-gbc57f8fbdb (webtiles) character file.

Game seed: 8904629347054257900

7 BritishOli the Trooper (level 1, 0/18 HPs)
             Began as a Demonspawn Fighter on Aug 18, 2022.
             Slain by a frilled lizard (3 damage)
             ... on level 1 of the Dungeon.
             The game lasted 00:00:16 (86 turns).

BritishOli the Trooper (Demonspawn Fighter)           Turns: 86, Time: 00:00:17

Health: 0/18       AC:  6    Str: 16    XL:     1   Next: 83%
Magic:  1/1        EV:  8    Int:  9    God:
Gold:   23         SH:  4    Dex: 12    Spells: 0/0 levels left

rFire   . . .      SeeInvis .   a - +0 long sword
rCold   . . .      Faith    .   c - +0 buckler
rNeg    . . .      Spirit   .   b - +0 scale mail
rPois   .          Reflect  .   (no helmet)
rElec   .          Harm     .   (no cloak)
rCorr   .          Rampage  .   (no gloves)
Will    +....                   (no boots)
Stlth   ..........              (no amulet)
HPRegen 0.06/turn               f - ring of willpower
MPRegen 0.07/turn               (no ring)

@: no status effects
A: no striking features
a: no special abilities


You were on level 1 of the Dungeon.
You visited 1 branch of the dungeon, and saw 1 of its levels.

You collected 23 gold pieces.

Inventory:

Hand Weapons
 a - a +0 long sword (weapon)
Armour
 b - a +0 scale mail (worn)
 c - a +0 buckler (worn)
Jewellery
 f - a ring of willpower (left hand)
Scrolls
 e - a scroll of blinking {unknown}
Potions
 d - a potion of might
 g - a potion of resistance {unknown}


   Skills:
 + Level 3.1 Fighting
 + Level 1.9 Long Blades
 + Level 2.8 Armour
 + Level 2.8 Shields


You couldn't memorise any spells.
You didn't know any spells.
Your spell library was empty.

Dungeon Overview and Level Annotations

Branches:
Dungeon (1/15)

Altars:


Message History

The dart slug closely misses you.
There are monsters nearby!
You barely miss the frilled lizard. The frilled lizard bites you.
The dart slug launches a dart at you.
The slug dart hits you but does no damage.
The frilled lizard bites you but does no damage.
There are monsters nearby!
You miss the frilled lizard. The dart slug launches a dart at you.
The slug dart misses you.
The frilled lizard bites you but does no damage.
There are monsters nearby!
You miss the frilled lizard. The frilled lizard bites you.
The dart slug bites you.
You are too injured to fight recklessly!
Unknown command.
The frilled lizard bites you. The dart slug launches a dart at you.
The slug dart misses you.
You barely miss the frilled lizard.
The frilled lizard bites you but does no damage.
You block the quokka's attack. The frilled lizard bites you.
You miss the frilled lizard. The quokka closely misses you.
You block the frilled lizard's attack.
You barely miss the frilled lizard. The quokka closely misses you.
The frilled lizard bites you but does no damage.
The quokka bites you but does no damage.
You barely miss the frilled lizard. The frilled lizard bites you.
* * * LOW HITPOINT WARNING * * *
The quokka bites you but does no damage.
The frilled lizard bites you but does no damage.
You block the quokka's attack.
You hit the frilled lizard.
The frilled lizard is heavily wounded.
The quokka bites you but does no damage.
The frilled lizard barely misses you.
You closely miss the frilled lizard.
The frilled lizard is heavily wounded.
You block the quokka's attack. The frilled lizard bites you.
You die...

........ ## ......
. ..... #. ....#
.###... # ..#..#
##. #.#..# ...
##r#†.##.# #
##@lw.....#
#.#######..##.#.###
##.#.........#...#
##....≈≈≈≈≈≈≈..#.##
#....≈≈.♣...≈≈....#
#...≈≈....♣..≈≈...#
#..≈≈....<.8..≈≈[.#
#..≈..8.....♣..≈..#
#..≈.....♣.....≈..#


You could see a dart slug, a quokka and a frilled lizard.

Vanquished Creatures
  2 endoplasms (D:1)
  A hobgoblin (D:1)
  A quokka (D:1)
  2 rats (D:1)
6 creatures vanquished.

Notes
Turn   | Place    | Note
-------+----------+-------------------------------------------
     0 | D:1      | BritishOli the Demonspawn Fighter began the quest for the
                  | Orb.
     0 | D:1      | Reached XP level 1. HP: 18/18 MP: 1/1
    86 | D:1      | Slain by a frilled lizard

Illustrated notes

Levels and vault maps discovered:
D:1:      moated_graveyard_arrival, layout_basic

Action                   || total
-------------------------++-------
Melee: Long sword        ||    21
Armor: Scale mail        ||    16
Dodge: Dodged            ||     8
Block: Buckler           ||     7

Table legend: (Time is in decaauts)
 A = Elapsed time spent in this place.
 B = Non-inter-level travel time spent in this place.
 C = Inter-level travel time spent in this place.
 D = Time resting spent in this place.
 E = Time spent auto-exploring this place.
 F = Levels seen in this place.
 G = Mean time per level.
                   A        B        C        D        E       F      G
               +--------+--------+--------+--------+--------+-----+--------+
         Total |     92 |     92 |      0 |      0 |     41 |   1 |   92.0 |
       Dungeon |     92 |     92 |      0 |      0 |     41 |   1 |   92.0 |
               +--------+--------+--------+--------+--------+-----+--------+

Top non-repeatable levels by time:
     D:1: 92 daAuts
